 Dungeon Crawl Stone Soup version 0.21.1-1-g345015fe64 (webtiles) character file.

9608 Grandwhale the Basher (level 11, 0/100 HPs)
             Began as a Minotaur Berserker on July 1, 2018.
             Was a High Priest of Trog.
             Killed by divine providence
             ... invoked by an orc priest
              (13 damage)
             ... on level 2 of the Orcish Mines on July 2, 2018.
             The game lasted 00:58:07 (8285 turns).

Grandwhale the Basher (Minotaur Berserker)          Turns: 8285, Time: 00:58:09

Health: 0/100      AC: 12    Str: 22    XL:     11   Next: 25%
Magic:  10/10      EV: 14    Int:  4    God:    Trog [*****.]
Gold:   585        SH:  4    Dex: 17    Spells: 10/10 levels left

rFire    . . .     SeeInvis .   F - +5 flail (crush)
rCold    x . .     Gourm    .   (no shield)
rNeg     + . .     Faith    .   s - +0 scale mail (curse)
rPois    .         Spirit   .   (helmet restricted)
rElec    .         Reflect  +   D - +2 cloak of Resilience {+Fly rC- Regen+ Dex+4}
rCorr    .         Harm     .   (no gloves)
MR       .....                  (no boots)
Stlth    +.........             f - +4 amulet of reflection
HPRegen  0.66/turn              i - ring of positive energy
MPRegen  0.12/turn              o - ring of stealth

@: berserk cooldown, slowed, very slow
A: retaliatory headbutt, horns 2
a: Berserk, Trog's Hand, Brothers in Arms, Burn Spellbooks, Renounce Religion,
Evoke Flight


You were on level 2 of the Orcish Mines.
You worshipped Trog.
Trog was extremely pleased with you.
You were hungry.

You visited 2 branches of the dungeon, and saw 11 of its levels.
You also visited: Sewer.

You collected 585 gold pieces.

Inventory:

Hand Weapons
 F - a +5 flail of crushing (weapon)
Armour
 s - a cursed +0 scale mail (worn)
 D - the +2 cloak of Resilience (worn) {+Fly rC- Regen+ Dex+4}
   (You found it on level 7 of the Dungeon)

   It affects your dexterity (+4).
   It makes you vulnerable to cold.
   It lets you fly.
   It increases your rate of regeneration.
 J - a +0 leather armour of positive energy
Jewellery
 f - a +4 amulet of reflection (around neck)
 i - a ring of positive energy (left hand)
 o - a ring of stealth (right hand)
Wands
 x - a wand of digging (8)
 y - a wand of random effects (21)
Scrolls
 b - 2 scrolls of remove curse
 d - a scroll of magic mapping
 k - 5 scrolls of identify
 l - 5 scrolls of teleportation
 m - 2 scrolls of random uselessness {unknown}
 p - 3 scrolls of fog {unknown}
 v - 2 scrolls of fear {unknown}
 z - 2 scrolls of enchant weapon
 A - 2 scrolls of immolation {unknown}
 C - a scroll of enchant armour {unknown}
 H - a scroll of blinking {unknown}
Potions
 e - a potion of invisibility {unknown}
 g - 2 potions of flight {unknown}
 h - a potion of ambrosia {unknown}
 j - 3 potions of lignification {unknown}
 n - 3 potions of heal wounds {unknown}
 q - a potion of mutation {unknown}
 r - 5 potions of curing {unknown}
 t - 2 potions of brilliance {unknown}
 u - 2 potions of magic {unknown}
 w - 4 potions of might {unknown}
 G - a potion of degeneration {unknown}
Comestibles
 a - 6 chunks of flesh
 c - 17 rations


   Skills:
 + Level 10.2 Fighting
 + Level 14.5 Maces & Flails
 + Level 9.5 Armour
 + Level 6.9 Dodging
 - Level 0.6 Stealth


You had 10 spell levels left.
You didn't know any spells.

Dungeon Overview and Level Annotations

Branches:
Dungeon (9/15)             Temple (0/1) D:6             Orc (2/2) D:9
    Elf (0/3) Orc:2
   Lair: D:8-11

Altars:
Ashenzari
Cheibriados
Elyvilon
Fedhas
Kikubaaqudgha
Makhleb
Nemelex Xobeh
Qazlal
Trog
Wu Jian
Xom
Yredelemnul
Zin

Shops:
D:6 *


Innate Abilities, Weirdness & Mutations

You reflexively headbutt those who attack you in melee.
You have a pair of horns on your head.


Message History

The hellwing is lightly wounded.
The orc priest closely misses you. The warg barely misses you.
You furiously retaliate!
You headbutt the warg!
The orc high priest hits you from afar with a halberd!
The hellwing hits you but does no damage.
You block the hellwing's attack. The orc hits you but does no damage.
Okay, then.
The smoke demon disappears in a puff of smoke!
The chaos spawn degenerates into a cloud of primal chaos!
The warg pauses to sniff the ground.
The orc priest calls down the wrath of Beogh upon you.
Beogh smites you!
* * * LOW HITPOINT WARNING * * *
The orc high priest hits you but does no damage.
The hellwing hits you!
* * * LOW HITPOINT WARNING * * *
You block the hellwing's attack.
The orc priest calls down the wrath of Beogh upon you.
Beogh smites you!
You die...

#oo# #...#.....####..##
#o.# #..o.......##....#
ho.##+###..h............##
o........................##
..4##+###..o.o............#
#.....o........#.##
#....oo....#....#.##
#....oo............#
#....oh@........#.##
......#.o#4......#.###
......$..##.....#...#
#######...#....###..##
##.##.....##...#
##.##......#.#.##
#......##.......#
#.....####.#.#.##
#.....#.## #######


You could see 2 orc high priests, a hellwing, 2 wargs, 3 orc priests and 5 orcs.

Vanquished Creatures
  Harold (Orc:1)
  2 two-headed ogres (D:9)
  An orc high priest (Orc:2)
  Pikel (D:3)
  Joseph (D:9)
  The ghost of PENNISLAND the Basher, a novice MiFi of Trog (D:4)
  A queen bee (D:9)
  A troll (Orc:1)
  A hornet (D:9)
  A hippogriff (D:8)
  A vampire (D:9)
  Eustachio (D:6)
  2 wargs
  3 orc warriors
  2 sky beasts
  2 slaves (D:4)
  4 ice beasts
  2 phantoms (D:7)
  6 ogres
  2 centaurs
  A crocodile (D:7)
  A big kobold (D:7)
  4 bullfrogs
  2 wyvern skeletons
  4 scorpions
  15 killer bees
  A howler monkey (D:4)
  2 bullfrog zombies
  3 crimson imps
  2 hounds
  A quasit (D:8)
  3 jellies
  A bullfrog skeleton (D:9)
  7 orc priests
  3 centaur skeletons
  2 iguanas
  11 orc wizards
  9 worker ants
  A hound skeleton (D:7)
  A hound zombie (D:7)
  A worker ant zombie (D:8)
  A howler monkey skeleton (D:7)
  16 adders
  A shadow imp (D:2)
  An ooze (D:4)
  2 adder skeletons
  4 worms
  A dart slug (D:1)
  6 leopard geckos
  44 orcs
  6 ball pythons
  5 giant cockroaches
  9 goblins
  10 hobgoblins
  14 jackals
  5 quokkas
  8 bats
  9 frilled lizards
  20 kobolds
  2 quokka skeletons
  A quokka zombie (D:7)
  10 rats
286 creatures vanquished.

Vanquished Creatures (others)
  An adder (D:4)
  A kobold (Sewer)
2 creatures vanquished.

Grand Total: 288 creatures vanquished

Notes
Turn   | Place    | Note
-------+----------+-------------------------------------------
     0 | D:1      | Grandwhale the Minotaur Berserker began the quest for the Orb.
     0 | D:1      | Reached XP level 1. HP: 19/19 MP: 0/0
    80 | D:1      | Found a shattered altar of Ashenzari.
   114 | D:1      | Reached XP level 2. HP: 25/27 MP: 1/1
   118 | D:1      | Reached skill level 4 in Maces & Flails
   493 | D:1      | Reached XP level 3. HP: 34/34 MP: 2/2
   575 | D:1      | Reached ** piety under Trog
   853 | D:2      | Found a basalt altar of Yredelemnul.
   883 | D:2      | Reached XP level 4. HP: 29/41 MP: 3/3
  1093 | D:2      | Reached skill level 5 in Maces & Flails
  1460 | D:2      | Found a blossoming altar of Fedhas.
  1460 | D:2      | Found an ancient bone altar of Kikubaaqudgha.
  2059 | D:3      | Reached *** piety under Trog
  2070 | D:3      | Found a sparkling altar of Nemelex Xobeh.
  2076 | D:3      | Reached XP level 5. HP: 47/47 MP: 4/4
  2525 | D:3      | Reached skill level 6 in Maces & Flails
  2534 | D:3      | Reached skill level 5 in Fighting
  2534 | D:3      | Reached XP level 6. HP: 50/56 MP: 5/5
  2585 | D:4      | Noticed a slave
  2589 | D:4      | Noticed Pikel
  2590 | D:4      | Noticed a slave
  2591 | D:4      | Noticed a slave
  2592 | D:4      | Noticed a slave
  2599 | D:4      | Killed a slave
  2641 | D:3      | Killed Pikel
  2641 | D:3      | Reached skill level 8 in Maces & Flails
  2641 | D:3      | Reached XP level 7. HP: 35/62 MP: 6/6
  2849 | D:4      | Noticed PENNISLAND's ghost (novice MiFi)
  2855 | D:4      | Killed PENNISLAND's ghost
  2855 | D:4      | Reached skill level 9 in Maces & Flails
  2855 | D:4      | Reached XP level 8. HP: 70/70 MP: 7/7
  2927 | D:4      | Reached skill level 5 in Armour
  3107 | D:4      | Received a gift from Trog
  3137 | D:4      | Found a glowing drain.
  3146 | Sewer    | Entered a sewer
  3345 | Sewer    | Reached **** piety under Trog
  3744 | D:4      | Found a burning altar of Makhleb.
  3747 | D:4      | Noticed a balrug
  3749 | D:4      | Found a glowing silver altar of Zin.
  3749 | D:4      | Noticed an angel
  3774 | D:5      | Entered Level 5 of the Dungeon
  3845 | D:5      | Reached skill level 10 in Maces & Flails
  3870 | D:5      | Reached skill level 5 in Dodging
  4249 | D:6      | Noticed Eustachio
  4256 | D:6      | Killed Eustachio
  4266 | D:6      | Reached XP level 9. HP: 66/78 MP: 8/8
  4267 | D:6      | Found Gteuzomam's Goods Gallery.
  4451 | D:6      | Found a shimmering altar of Xom.
  4452 | D:6      | Found an ornate altar of the Wu Jian Council.
  4452 | D:6      | Found a white marble altar of Elyvilon.
  4453 | D:6      | Found a bloodstained altar of Trog.
  4615 | D:6      | Found a stormy altar of Qazlal.
  4743 | D:6      | Found a staircase to the Ecumenical Temple.
  4988 | D:6      | Found a snail-covered altar of Cheibriados.
  5304 | D:7      | Got a crude cloak
  5315 | D:7      | Identified the +2 cloak of Resilience {+Fly rC- Regen+ Dex+4} (You found it on level 7 of the Dungeon)
  5432 | D:7      | Reached skill level 11 in Maces & Flails
  5936 | D:7      | Reached ***** piety under Trog
  6479 | D:8      | Reached skill level 12 in Maces & Flails
  6557 | D:8      | Reached XP level 10. HP: 88/88 MP: 9/9
  6899 | D:9      | Noticed a two-headed ogre
  6911 | D:9      | Killed a two-headed ogre
  7204 | D:9      | Noticed a two-headed ogre
  7211 | D:9      | Killed a two-headed ogre
  7211 | D:9      | Reached skill level 13 in Maces & Flails
  7358 | D:9      | Received a gift from Trog
  7441 | D:9      | Noticed Joseph
  7481 | D:9      | Killed Joseph
  7618 | D:9      | Found a staircase to the Orcish Mines.
  7803 | Orc:1    | Entered Level 1 of the Orcish Mines
  7817 | Orc:1    | Reached skill level 14 in Maces & Flails
  7820 | Orc:1    | Reached XP level 11. HP: 99/99 MP: 10/10
  7980 | Orc:1    | Noticed Harold
  8002 | Orc:1    | Killed Harold
  8002 | Orc:1    | Reached skill level 10 in Fighting
  8141 | Orc:2    | Entered Level 2 of the Orcish Mines
  8176 | Orc:2    | Found a staircase to the Elven Halls.
  8252 | Orc:2    | Noticed an orc high priest
  8257 | Orc:2    | Killed an orc high priest
  8260 | Orc:2    | Noticed an orc high priest
  8263 | Orc:2    | Noticed an orc high priest
  8285 | Orc:2    | Killed from afar by an orc priest

Skill      XL: |  1  2  3  4  5  6  7  8  9 10 11 |
---------------+----------------------------------+-----
Fighting       | 4 5 6 8 9 10 | 10.2
Maces & Flails | 4 5 6 8 9 10 12 14 | 14.5
Dodging        | 3 4 5 6 |  6.9
Armour         | 3 4 6 8 9 |  9.5
Stealth        | |  0.6

Action                   |  1- 3 |  4- 6 |  7- 9 | 10-12 || total
-------------------------+-------+-------+-------+-------++-------
Melee: Mace              |    78 |   123 |   401 |    42 ||   644
       Headbutt          |    14 |    18 |    83 |    46 ||   161
       Flail             |       |       |       |   104 ||   104
       Dire flail        |       |       |       |    59 ||    59
Invok: Berserk           |       |     4 |     5 |     7 ||    16
       Burn Spellbooks   |       |       |       |     1 ||     1
  Use: Scroll            |       |     6 |       |     1 ||     7
 Stab: Sleeping          |       |     3 |       |     1 ||     4
       Distracted        |       |       |       |     1 ||     1
  Eat: Chunk             |       |     7 |    20 |     8 ||    35
       Ration            |       |       |       |     1 ||     1
Armor: Animal skin       |    17 |     3 |       |       ||    20
       Scale mail        |       |    31 |   110 |    62 ||   203
       Skin              |       |       |       |     1 ||     1
Dodge: Dodged            |    51 |    86 |   178 |   113 ||   428
Block: Other             |       |     6 |    58 |    23 ||    87
       Reflection        |       |       |     4 |     4 ||     8
